[Event "Titled Tuesday Blitz August 08 Early 2023"]
[White "Miguelitro69"]
[Black "Jia, Haoxiang"]
[BlackFideId "8602999"]
[WhiteElo "2265"]
[BlackElo "2592"]
[Result "0-1"]
[Round "1"]
[TimeControl "180+1"]
[Date "2023.08.08"]
[WhiteClock "0:00:12"]
[BlackClock "0:00:41"]
[Board "203"]

1. e4 c5 2. Nf3 d6 3. d4 cxd4 4. Nxd4 Nf6 5. Nc3 g6 6. Be3 Bg7 7. f3 O-O 8. Bc4 Nc6 9. Qd2 Bd7 10. O-O-O Rc8 11. Bb3 Ne5 12. Kb1 Nc4 13. Bxc4 Rxc4 14. g4 b5 15. b3 b4 16. bxc4 bxc3 17. Qxc3 h5 18. g5 Nh7 19. Qd3 Qc7 20. h4 Rc8 21. c3 Nf8 22. Rd2 Ne6 23. Rb2 Nc5 24. Qc2 Na4 25. Rb4 a5 26. Rxa4 Bxa4 27. Qxa4 Rb8+ 28. Kc2 d5 29. cxd5 Qg3 30. Rf1 Qxh4 31. Qxa5 Qh2+ 32. Rf2 Qh1 33. Nb3 Qe1 34. c4 Qxe3 35. Qd2 Qa7 36. Kd1 h4 37. f4 h3 38. e5 Qa4 39. Ke1 Qxc4 40. Qc2 Qb4+ 41. Qd2 Qe4+ 42. Kf1 Qh1+ 43. Ke2 Rd8 44. d6 exd6 45. exd6 Re8+ 46. Kd3 Qc6 47. Nd4 Qxd6 48. Qc3 Rd8 49. Qc4 Bxd4 50. Rd2 Be3+ 51. Kxe3 Qxd2+ 52. Kf3 Rd3+ 53. Kg4 Qg2+ 54. Kh4 Qg3# 0-1


[Site "https://www.chess.com"]

[Event "Titled Tuesday Blitz August 08 Early 2023"]
[White "Heinemann, Josefine"]
[Black "Tqebuchava, Zurab"]
[WhiteFideId "12900460"]
[BlackFideId "13601113"]
[WhiteElo "2591"]
[BlackElo "2263"]
[Result "1-0"]
[Round "1"]
[TimeControl "180+1"]
[Date "2023.08.08"]
[WhiteClock "0:00:15"]
[BlackClock "0:00:00"]
[Board "204"]

1. e4 d6 2. d4 Nf6 3. Nc3 Nbd7 4. f4 e5 5. Nf3 exd4 6. Qxd4 c6 7. Be3 Be7 8. O-O-O O-O 9. h3 b5 10. e5 dxe5 11. fxe5 Nd5 12. Nxd5 cxd5 13. Qxd5 Nb6 14. Qxd8 Rxd8 15. Rxd8+ Bxd8 16. Bxb5 Bb7 17. Rd1 Be7 18. a3 Nd5 19. Bg1 Bf8 20. Bc4 Nf4 21. Ng5 Bxg2 22. Nxf7 g6 23. Be3 Nh5 24. Ng5+ Kh8 25. e6 Rc8 26. Bb3 Be7 27. Bd4+ Kg8 28. Nf7 Nf4 29. Kb1 Bf3 30. Rf1 1-0


[Site "https://www.chess.com"]

[Event "Titled Tuesday Blitz August 08 Early 2023"]
[White "Player, Edmund C"]
[Black "Aslanov, Umid"]
[WhiteFideId "406520"]
[BlackFideId "13412620"]
[WhiteElo "2263"]
[BlackElo "2589"]
[Result "0-1"]
[Round "1"]
[TimeControl "180+1"]
[Date "2023.08.08"]
[WhiteClock "0:00:03"]
[BlackClock "0:01:26"]
[Board "205"]

1. e4 c5 2. Nf3 d6 3. d4 cxd4 4. Nxd4 Nf6 5. Nc3 a6 6. h3 e6 7. g4 Be7 8. Bg2 Nfd7 9. f4 Bh4+ 10. Kf1 Bf6 11. Be3 O-O 12. g5 Be7 13. h4 Nc6 14. h5 Nxd4 15. Bxd4 e5 16. Bf2 exf4 17. g6 Ne5 18. gxh7+ Kh8 19. Nd5 Bg4 20. Qd4 Bg5 21. Bh3 Qd7 22. Nb6 Qb5+ 23. c4 Qc6 24. h6 Bf6 25. hxg7+ Bxg7 26. Rg1 Nf3 27. Qd3 Bxh3+ 28. Ke2 Nxg1+ 29. Rxg1 Rae8 30. Qxh3 Qxe4+ 31. Kf1 Qe2+ 32. Kg2 Bd4 33. Kh1 Qxf2 34. Qg4 Qe2 35. Qg5 Qe4+ 36. Rg2 Qxh7+ 37. Rh2 Re1+ 38. Kg2 Rg1+ 39. Kf3 Rxg5 40. Rxh7+ Kxh7 41. Nd5 Kg6 42. Kxf4 Rxd5 0-1


[Site "https://www.chess.com"]

[Event "Titled Tuesday Blitz August 08 Early 2023"]
[White "Vlassov, Nikolai"]
[Black "Ruge, Edison"]
[WhiteFideId "4103360"]
[BlackFideId "4401000"]
[WhiteElo "2587"]
[BlackElo "2261"]
[Result "1-0"]
[Round "1"]
[TimeControl "180+1"]
[Date "2023.08.08"]
[WhiteClock "0:01:02"]
[BlackClock "0:00:28"]
[Board "206"]

1. e4 e5 2. Bc4 Nc6 3. f4 Bc5 4. Nf3 d6 5. Nc3 Nf6 6. f5 a6 7. d3 b5 8. Bb3 Na5 9. Bg5 h6 10. Bh4 Nxb3 11. axb3 c6 12. Qe2 g5 13. fxg6 fxg6 14. Bf2 Qb6 15. O-O Bxf2+ 16. Qxf2 Qxf2+ 17. Rxf2 O-O 18. Nh4 Kg7 19. Raf1 Be6 20. h3 Nd7 21. Nf3 Nf6 22. Ne2 Nh5 23. d4 Nf4 24. dxe5 Nxe2+ 25. Rxe2 dxe5 26. Nxe5 Rxf1+ 27. Kxf1 c5 28. Rd2 Kf6 29. Nf3 Ke7 30. Kf2 a5 31. Ke3 a4 32. bxa4 Rxa4 33. Ne5 g5 34. Nc6+ Kf6 35. Rd6 Ra6 36. e5+ 1-0


[Site "https://www.chess.com"]

[Event "Titled Tuesday Blitz August 08 Early 2023"]
[White "Kohler, Aran"]
[Black "only_strong_moves"]
[WhiteFideId "1002856"]
[WhiteElo "2258"]
[BlackElo "2587"]
[Result "0-1"]
[Round "1"]
[TimeControl "180+1"]
[Date "2023.08.08"]
[WhiteClock "0:00:30"]
[BlackClock "0:00:25"]
[Board "207"]

1. e4 e5 2. Nf3 Nc6 3. Bb5 Nf6 4. O-O Nxe4 5. d4 Nd6 6. Bxc6 dxc6 7. dxe5 Nf5 8. Qxd8+ Kxd8 9. Nc3 Ke8 10. Bf4 Be6 11. h3 h5 12. Ne4 Bd5 13. Rfe1 Be7 14. b3 Bb4 15. c3 Bxe4 16. Rxe4 Bxc3 17. Rc1 Bb2 18. Rc2 Ba3 19. e6 f6 20. b4 a5 21. bxa5 Bd6 22. Bd2 Ke7 23. g3 g6 24. Kg2 Rhe8 25. Rb2 Ra7 26. g4 hxg4 27. hxg4 Ng7 28. Nd4 Be5 29. g5 Bxd4 30. Rxd4 Nxe6 31. gxf6+ Kxf6 32. Rd7 Re7 33. Bc3+ Kf7 34. Rxe7+ Kxe7 35. Bd2 c5 36. Kf3 Kd6 37. Ke4 Kc6 38. f4 Ra8 39. Ke5 Nd4 40. Bc3 Re8+ 41. Kf6 Rf8+ 42. Kg5 Ne6+ 43. Kxg6 Nxf4+ 44. Kg7 Ne6+ 45. Kg6 Rf3 46. Bf6 Nf4+ 47. Kg5 Nd5 48. Be5 Ra3 49. a6 Rxa6 50. Kf5 Ne3+ 51. Ke4 Nc4 52. Rc2 Nxe5 53. Kxe5 Ra4 0-1


[Site "https://www.chess.com"]

[Event "Titled Tuesday Blitz August 08 Early 2023"]
[White "Budrewicz, Krzysztof"]
[Black "Mikhaylova, Irina"]
[WhiteFideId "1127950"]
[BlackFideId "4109040"]
[WhiteElo "2587"]
[BlackElo "2257"]
[Result "1-0"]
[Round "1"]
[TimeControl "180+1"]
[Date "2023.08.08"]
[WhiteClock "0:00:12"]
[BlackClock "0:00:00"]
[Board "208"]

1. d4 Nf6 2. Bg5 Ne4 3. Bf4 c5 4. d5 d6 5. f3 Nf6 6. e4 g6 7. Nc3 Bg7 8. Bb5+ Nbd7 9. a4 O-O 10. Nge2 Ne8 11. O-O Nc7 12. Bc4 Ne5 13. Ba2 e6 14. dxe6 Bxe6 15. Nd5 Nxd5 16. Bxd5 Bxd5 17. Qxd5 Qd7 18. Rfd1 Rfd8 19. c3 Qc6 20. Bg3 Rd7 21. Bf2 Rad8 22. Qxc6 Nxc6 23. Nf4 Ne7 24. Nd5 Nxd5 25. Rxd5 Kf8 26. Rad1 Ke7 27. Bh4+ Bf6 28. Bg3 Ke6 29. Kf2 Be5 30. f4 Bf6 31. f5+ Ke7 32. Bf4 g5 33. Bg3 h5 34. h3 b6 35. Kf3 a6 36. Bh2 Bg7 37. Bg1 Bf6 38. Be3 b5 39. axb5 axb5 40. Ra1 b4 41. Bd2 bxc3 42. bxc3 Rb7 43. Ra2 Rg8 44. Ra6 Be5 45. Ke2 f6 46. Be3 Rgb8 47. Kd3 Rc7 48. Bd2 Rcb7 49. Kc4 Rb6 50. Rxb6 Rxb6 51. Rd3 Rb2 52. Kd5 Rc2 53. g4 h4 54. Kc4 Kd7 55. Kb3 c4+ 56. Kxc2 cxd3+ 57. Kxd3 Kc6 58. Kc4 Bg3 59. Be3 Be5 60. Bd4 Kd7 61. Bxe5 dxe5 62. Kd5 Kc7 63. Ke6 Kc6 64. Kxf6 1-0


[Site "https://www.chess.com"]

[Event "Titled Tuesday Blitz August 08 Early 2023"]
[White "Schut, Han"]
[Black "Vaibhav Jayant Raut"]
[WhiteFideId "1005561"]
[BlackFideId "5089034"]
[WhiteElo "2254"]
[BlackElo "2586"]
[Result "0-1"]
[Round "1"]
[TimeControl "180+1"]
[Date "2023.08.08"]
[WhiteClock "0:00:01"]
[BlackClock "0:00:10"]
[Board "209"]

1. e4 e5 2. Nf3 Nc6 3. Bc4 Bc5 4. c3 Nf6 5. d4 exd4 6. b4 Bb6 7. e5 d5 8. exf6 dxc4 9. Qe2+ Be6 10. b5 d3 11. Qe4 O-O 12. bxc6 Re8 13. O-O Bd5 14. Qg4 Qxf6 15. cxb7 Bxb7 16. Bg5 Qe6 17. Qxe6 Rxe6 18. Nbd2 Bd5 19. Rfe1 Rae8 20. Rxe6 Rxe6 21. Re1 Rxe1+ 22. Nxe1 Ba5 23. Nef3 Bxc3 24. Be3 a5 25. Kf1 Bb4 26. Ne5 c3 27. Nxd3 cxd2 28. Ke2 Bxa2 29. Bxd2 Bc4 30. Bf4 c6 31. Ke3 Bxd3 32. Kxd3 Kf8 33. Kc4 Ke7 34. Be3 Ke6 35. f3 g6 36. g3 h5 37. h3 Bd6 38. g4 hxg4 39. hxg4 Bb4 40. Bd4 f5 41. Bb2 fxg4 42. fxg4 Bd6 43. Bc3 a4 44. Ba1 a3 45. Kb3 Kd5 0-1


[Site "https://www.chess.com"]

[Event "Titled Tuesday Blitz August 08 Early 2023"]
[White "Tsvetkov, Andrey"]
[Black "Sankalan Shah"]
[WhiteFideId "34139360"]
[BlackFideId "25600362"]
[WhiteElo "2586"]
[BlackElo "2246"]
[Result "1-0"]
[Round "1"]
[TimeControl "180+1"]
[Date "2023.08.08"]
[WhiteClock "0:02:32"]
[BlackClock "0:02:15"]
[Board "210"]

1. d4 Nf6 2. c4 g6 3. Nc3 Bg7 4. e4 d6 5. Be2 O-O 6. Be3 e5 7. d5 a5 8. h4 Na6 9. h5 Nc5 10. Qc2 a4 11. O-O-O c6 12. dxc6 Qc7 13. Nb5 b6 14. Nxc7 1-0


[Site "https://www.chess.com"]

[Event "Titled Tuesday Blitz August 08 Early 2023"]
[White "Kula, Robert"]
[Black "Krutko, Anatoly"]
[WhiteFideId "1101218"]
[BlackFideId "4185862"]
[WhiteElo "2245"]
[BlackElo "2585"]
[Result "0-1"]
[Round "1"]
[TimeControl "180+1"]
[Date "2023.08.08"]
[WhiteClock "0:00:00"]
[BlackClock "0:00:32"]
[Board "211"]

1. e4 g6 2. d4 Bg7 3. c4 e6 4. Nc3 Ne7 5. Be2 d5 6. cxd5 exd5 7. e5 c5 8. dxc5 Nbc6 9. Nf3 O-O 10. O-O Bg4 11. Bg5 Qd7 12. h3 Be6 13. Bb5 a6 14. Ba4 Qc7 15. Re1 Nf5 16. Nxd5 Bxd5 17. Qxd5 Nb4 18. Qe4 Qxc5 19. a3 Nc6 20. Rac1 Qb6 21. Bxc6 bxc6 22. b4 Rac8 23. Bf6 Rfe8 24. Bxg7 Nxg7 25. Nd4 c5 26. Nb3 cxb4 27. axb4 Rxc1 28. Rxc1 Qb8 29. f4 Nf5 30. Rc6 Qb5 31. Qc4 Qxc4 32. Rxc4 Rd8 33. Nc5 Rd1+ 34. Kh2 h5 35. g4 hxg4 36. hxg4 Ne3 37. Rc3 Nxg4+ 38. Kg3 Nh6 39. Ne4 Nf5+ 40. Kf2 Rd4 41. Nf6+ Kg7 42. Rb3 Rxf4+ 43. Ke2 Nd4+ 44. Ke3 Ne6 45. Rb1 Rh4 46. b5 axb5 47. Rxb5 Ra4 48. Rb8 Kh6 49. Rb7 Ra3+ 50. Ke2 Kg5 51. Rxf7 Kf5 52. Nd7+ Ke4 53. Rf6 Ra6 54. Nf8 Nf4+ 55. Kf2 Ra2+ 56. Kg3 g5 0-1


[Site "https://www.chess.com"]

[Event "Titled Tuesday Blitz August 08 Early 2023"]
[White "Matyukov, Petr"]
[Black "Sarkar, Justin"]
[WhiteFideId "4103688"]
[BlackFideId "2010011"]
[WhiteElo "2585"]
[BlackElo "2239"]
[Result "1-0"]
[Round "1"]
[TimeControl "180+1"]
[Date "2023.08.08"]
[WhiteClock "0:00:54"]
[BlackClock "0:00:00"]
[Board "212"]

1. d4 Nf6 2. c4 e6 3. Nc3 Bb4 4. e3 O-O 5. Ne2 Re8 6. a3 Bf8 7. Ng3 d5 8. cxd5 exd5 9. Bd3 c6 10. O-O Bd6 11. Re1 Bg4 12. f3 Bh5 13. Nxh5 Nxh5 14. e4 dxe4 15. fxe4 Nf4 16. Bc2 Bc7 17. Be3 Nd7 18. Qf3 Ng6 19. Rad1 Qh4 20. e5 Ndxe5 21. dxe5 Nxe5 22. Qf2 1-0


[Site "https://www.chess.com"]

[Event "Titled Tuesday Blitz August 08 Early 2023"]
[White "Joshi, Pankaj"]
[Black "Moskvin, Anatoly"]
[WhiteFideId "5006210"]
[BlackFideId "24199990"]
[WhiteElo "2237"]
[BlackElo "2584"]
[Result "0-1"]
[Round "1"]
[TimeControl "180+1"]
[Date "2023.08.08"]
[WhiteClock "0:00:18"]
[BlackClock "0:00:36"]
[Board "213"]

1. e4 e5 2. Nf3 Nc6 3. Bc4 Nf6 4. d3 Bc5 5. Nc3 d6 6. Bg5 h6 7. Bxf6 Qxf6 8. Nd5 Qd8 9. c3 a6 10. d4 Ba7 11. h3 O-O 12. O-O Be6 13. Ne3 Bxc4 14. Nxc4 exd4 15. cxd4 d5 16. exd5 Qxd5 17. Rc1 Nxd4 18. Nxd4 Bxd4 19. Qg4 Bf6 20. Rfd1 Qb5 21. Ne3 h5 22. Qg3 c6 23. Rc4 Rad8 24. Rdc1 Qxb2 25. Nf5 Rd5 26. Rc5 Rxf5 27. R1c2 Qb1+ 28. Rc1 Qe4 29. R5c4 Qe6 0-1


[Site "https://www.chess.com"]

[Event "Titled Tuesday Blitz August 08 Early 2023"]
[White "Atanasov, Anthony"]
[Black "Khan, Taffin"]
[WhiteFideId "2623897"]
[BlackFideId "19700024"]
[WhiteElo "2584"]
[BlackElo "2235"]
[Result "1-0"]
[Round "1"]
[TimeControl "180+1"]
[Date "2023.08.08"]
[WhiteClock "0:02:01"]
[BlackClock "0:00:02"]
[Board "214"]

1. d4 c5 2. d5 Nf6 3. Nc3 d6 4. e4 g6 5. Bc4 Bg7 6. h3 O-O 7. a4 b6 8. Nf3 Ba6 9. Qe2 Bxc4 10. Qxc4 Nfd7 11. O-O a6 12. Bd2 Ra7 13. Qe2 Ne5 14. Nxe5 Bxe5 15. f4 Bd4+ 16. Kh1 Nd7 17. Qd3 Qb8 18. Rab1 Qa8 19. Ne2 Bg7 20. Bc3 Rb8 21. Bxg7 Kxg7 22. c3 b5 23. a5 b4 24. c4 Nf8 25. Nc1 Qb7 26. Nb3 Qd7 27. e5 Qf5 28. Qe3 h5 29. Rbe1 Rc7 30. Qf3 Nh7 31. Kg1 Rbc8 32. Kf2 Rb8 33. Re2 Rbc8 34. Ke1 Rb8 35. Kd2 Rbc8 36. Kc1 Rb8 37. Rc2 Rbc8 38. Kb1 Rb8 39. Qe2 Rbc8 40. Ka2 Rb8 41. Rd2 Rbc8 42. g4 hxg4 43. hxg4 Qd7 44. f5 Rh8 45. exd6 exd6 46. fxg6 fxg6 47. Qe3 Nf6 48. Rxf6 Kxf6 49. Rf2+ Kg7 50. Qg5 Rf8 51. Rh2 Qf7 52. Qh6+ Kf6 53. Rf2+ Ke7 54. Rxf7+ Rxf7 55. Qxg6 Ke8 56. Qxd6 Rg7 57. Qxa6 Ra7 58. Qb5+ Kf8 59. Qxc5+ Kg8 60. Qxb4 1-0


[Site "https://www.chess.com"]

[Event "Titled Tuesday Blitz August 08 Early 2023"]
[White "Zaichenko, Daria"]
[Black "banhgiahuy2606"]
[WhiteFideId "4197453"]
[WhiteElo "2234"]
[BlackElo "2584"]
[Result "0-1"]
[Round "1"]
[TimeControl "180+1"]
[Date "2023.08.08"]
[WhiteClock "0:00:17"]
[BlackClock "0:01:15"]
[Board "215"]

1. e4 e6 2. d4 d5 3. Bd3 dxe4 4. Bxe4 Nf6 5. Bf3 Nbd7 6. c3 Bd6 7. Ne2 O-O 8. O-O e5 9. Ng3 exd4 10. Qxd4 Ne5 11. Be2 c5 12. Qa4 Bd7 13. Qc2 Qc7 14. Bg5 Neg4 15. h3 Nxf2 16. Rxf2 Bxg3 17. Rxf6 gxf6 18. Bxf6 Qf4 19. Qd3 Bf2+ 20. Kh1 Qxf6 21. Qxd7 Rad8 22. Qg4+ Qg6 23. Na3 Qxg4 24. Bxg4 a6 25. Rf1 Bg3 26. Nc4 b5 27. Ne3 Rd2 28. Nf5 Be5 29. Ne7+ Kh8 30. Nc6 Bd6 31. Rf6 Kg7 32. Rf5 Rxb2 33. Kg1 Re8 34. Rf1 Bg3 35. Bh5 Re1 36. Rxe1 Bxe1 37. Ne5 Bxc3 38. Nxf7 Bd4+ 0-1


[Site "https://www.chess.com"]

[Event "Titled Tuesday Blitz August 08 Early 2023"]
[White "Principe, Gerson"]
[Black "Fernandez Hernandez, Gerardo"]
[WhiteFideId "3804550"]
[BlackFideId "2207400"]
[WhiteElo "2583"]
[BlackElo "2228"]
[Result "1/2-1/2"]
[Round "1"]
[TimeControl "180+1"]
[Date "2023.08.08"]
[WhiteClock "0:00:12"]
[BlackClock "0:00:36"]
[Board "216"]

1. Nf3 Nf6 2. d4 g6 3. b3 Bg7 4. Bb2 O-O 5. e3 Ne4 6. Be2 c5 7. O-O Nc6 8. Nbd2 Nxd2 9. Qxd2 d5 10. Rfd1 Bg4 11. h3 Bxf3 12. Bxf3 e6 13. c4 cxd4 14. exd4 Qd7 15. cxd5 exd5 16. Rac1 Rfe8 17. Rc5 Ne7 18. Rdc1 Rac8 19. b4 b6 20. Rxc8 Rxc8 21. Bg4 Rxc1+ 22. Qxc1 Qc6 23. Qd2 h5 24. Be2 Nf5 25. g4 hxg4 26. hxg4 Nd6 27. Bd3 Nc4 28. Qc2 b5 29. Qe2 Qe6 30. Bc3 Qxe2 31. Bxe2 Kf8 32. Bf3 Nb6 33. Be2 Nc4 34. f4 Ke7 35. Kf2 Nd6 36. Ke3 Nc4+ 37. Kd3 Kd6 38. Bf3 f5 39. gxf5 gxf5 40. Bd1 Bh6 41. a4 a6 42. axb5 axb5 43. Bd2 Nxd2 44. Kxd2 Bxf4+ 45. Kc3 Bg3 46. Be2 Kc6 47. Bf3 f4 48. Be2 Be1+ 49. Kb3 Bd2 50. Bf3 Be3 51. Kc3 Bc1 52. Be2 Be3 53. Bf3 Bc1 54. Be2 Be3 55. Bf3 1/2-1/2


[Site "https://www.chess.com"]

[Event "Titled Tuesday Blitz August 08 Early 2023"]
[White "Samaganova, Aleksandra"]
[Black "Tatarinov, Dmitry"]
[WhiteFideId "13800221"]
[BlackFideId "24160067"]
[WhiteElo "2227"]
[BlackElo "2582"]
[Result "0-1"]
[Round "1"]
[TimeControl "180+1"]
[Date "2023.08.08"]
[WhiteClock "0:00:01"]
[BlackClock "0:01:06"]
[Board "217"]

1. c4 Nf6 2. Nc3 c5 3. Nf3 d5 4. cxd5 Nxd5 5. e3 Nc6 6. d4 cxd4 7. exd4 e6 8. Bd3 Bb4 9. Bd2 Nce7 10. O-O h6 11. Rc1 O-O 12. Bb1 Bd6 13. Re1 Bd7 14. Ne5 Bxe5 15. dxe5 Nxc3 16. Bxc3 Bc6 17. Qg4 Nd5 18. Bd2 Kh8 19. Rcd1 f5 20. exf6 Qxf6 21. Qg3 Rad8 22. Bc1 e5 23. Rxe5 Nf4 24. Rxd8 Rxd8 25. Re1 Ne2+ 26. Kh1 Nxg3+ 27. hxg3 Qxf2 0-1


[Site "https://www.chess.com"]

[Event "Titled Tuesday Blitz August 08 Early 2023"]
[White "Prokofiev, Valentyn"]
[Black "Vaglio Munoz, Jaime"]
[WhiteFideId "14160161"]
[BlackFideId "6500145"]
[WhiteElo "2581"]
[BlackElo "2227"]
[Result "1-0"]
[Round "1"]
[TimeControl "180+1"]
[Date "2023.08.08"]
[WhiteClock "0:02:30"]
[BlackClock "0:02:01"]
[Board "218"]

1. Nf3 c5 2. c4 a6 3. Nc3 Nc6 4. g3 Rb8 5. a4 g6 6. Bg2 Bg7 7. O-O e6 8. e3 Nge7 9. d4 cxd4 10. exd4 d5 11. cxd5 Nxd5 12. Nxd5 exd5 13. Bf4 Ra8 14. Re1+ Kf8 15. Ne5 f6 16. Nxc6 bxc6 17. Rc1 Bd7 18. Qb3 g5 19. Bd6+ Kg8 20. Bxd5+ 1-0


[Site "https://www.chess.com"]

[Event "Titled Tuesday Blitz August 08 Early 2023"]
[White "campochess"]
[Black "Zavgorodniy, Sergiy"]
[BlackFideId "14110148"]
[WhiteElo "2222"]
[BlackElo "2579"]
[Result "0-1"]
[Round "1"]
[TimeControl "180+1"]
[Date "2023.08.08"]
[WhiteClock "0:00:24"]
[BlackClock "0:00:13"]
[Board "219"]

1. d4 Nf6 2. Bg5 e6 3. e4 h6 4. Bxf6 Qxf6 5. Nf3 d6 6. Nbd2 e5 7. dxe5 dxe5 8. Be2 c6 9. O-O Bd6 10. Nc4 Bc7 11. a4 a5 12. Qd3 O-O 13. Qc3 Re8 14. Rad1 Nd7 15. Ne3 Nf8 16. Nd5 cxd5 17. Qxc7 dxe4 18. Nd2 Bf5 19. Nc4 Ne6 20. Qxe5 Qxe5 21. Nxe5 Nf4 22. Bb5 Rxe5 23. Rfe1 Rc8 24. c3 Be6 25. g3 Nh3+ 26. Kg2 Ng5 27. Re3 Bh3+ 28. Kh1 Bg4 29. Rd4 Bf3+ 30. Kg1 f5 31. h4 Ne6 32. Rd7 f4 33. Re1 Rf8 34. Rxb7 fxg3 35. fxg3 g5 36. Bc4 gxh4 37. gxh4 Kh8 38. Re7 Bg4 39. Bd3 exd3 40. Rxe5 d2 41. Rd7 Rd8 42. Rxd8+ Nxd8 43. Re8+ Kg7 44. Rxd8 d1=Q+ 45. Rxd1 Bxd1 46. b4 axb4 47. cxb4 Bxa4 48. Kf2 Kf6 49. Kf3 Kf5 50. Kg3 Bc6 51. Kh3 Kf4 0-1


[Site "https://www.chess.com"]

[Event "Titled Tuesday Blitz August 08 Early 2023"]
[White "Williams, Simon K"]
[Black "Cagara, Paulina"]
[WhiteFideId "404454"]
[BlackFideId "1124870"]
[WhiteElo "2578"]
[BlackElo "2222"]
[Result "0-1"]
[Round "1"]
[TimeControl "180+1"]
[Date "2023.08.08"]
[WhiteClock "0:00:00"]
[BlackClock "0:00:05"]
[Board "220"]

1. d4 f5 2. Nc3 Nf6 3. Bg5 g6 4. e3 Bg7 5. h4 h6 6. Bxf6 Bxf6 7. Bd3 d6 8. g4 e6 9. Qf3 Nc6 10. O-O-O Qe7 11. Nge2 Bd7 12. Nf4 Rg8 13. gxf5 gxf5 14. d5 Ne5 15. Qh5+ Qf7 16. dxe6 Bxe6 17. Bxf5 Qxh5 18. Nxh5 Kf7 19. Bxe6+ Kxe6 20. Nd5 Bd8 21. Ndf4+ Kf5 22. Rhg1 Bxh4 23. Ng7+ Kf6 24. Nd5+ Kf7 25. Nf5 Bxf2 26. Rgf1 Rg2 27. Nf4 Rh2 28. Nd3 Nxd3+ 29. cxd3 Ke6 30. e4 Rg8 31. Rd2 Rgg2 32. Kc2 Bb6 33. Rxg2 Rxg2+ 34. Kc3 h5 35. Rh1 Rg5 36. b4 a5 37. a3 axb4+ 38. axb4 d5 39. Rh4 dxe4 40. dxe4 Ke5 41. Kc4 c6 42. Ne7 Rg4 43. Rxh5+ Kxe4 44. Nf5 Rf4 45. Nh4 Ke3+ 46. Kb3 Rg4 47. Re5+ Kd4 48. Nf3+ Kd3 0-1


[Site "https://www.chess.com"]

[Event "Titled Tuesday Blitz August 08 Early 2023"]
[White "Thiel, Thomas"]
[Black "Eynullayev, Altay"]
[WhiteFideId "4615964"]
[BlackFideId "13413562"]
[WhiteElo "2218"]
[BlackElo "2576"]
[Result "0-1"]
[Round "1"]
[TimeControl "180+1"]
[Date "2023.08.08"]
[WhiteClock "0:01:09"]
[BlackClock "0:02:07"]
[Board "221"]

1. e4 e5 2. Nf3 Nc6 3. d4 exd4 4. Nxd4 Bb4+ 5. c3 Bc5 6. Be3 Bb6 7. Nf5 Bxe3 8. Nxe3 Nge7 9. f3 d6 10. c4 Ng6 11. Nc3 O-O 12. Qd2 Qh4+ 13. g3 Qd8 14. Be2 Bd7 15. O-O Nce7 16. f4 f5 17. Bf3 Bc6 18. exf5 Nxf5 19. Bd5+ Kh8 20. Rae1 Qf6 21. Ng4 Qd4+ 22. Qxd4 Nxd4 23. Ne3 Rae8 24. Ne4 Rxe4 25. Bxe4 Bxe4 26. f5 Ne5 0-1


[Site "https://www.chess.com"]

[Event "Titled Tuesday Blitz August 08 Early 2023"]
[White "vishwa_vijeta"]
[Black "Pumpkin_in_moonlight"]
[WhiteElo "2573"]
[BlackElo "2211"]
[Result "1-0"]
[Round "1"]
[TimeControl "180+1"]
[Date "2023.08.08"]
[WhiteClock "0:01:13"]
[BlackClock "0:00:00"]
[Board "222"]

1. e4 e5 2. Nf3 Nc6 3. d4 exd4 4. Bc4 Nf6 5. Ng5 Ne5 6. Qxd4 Nxc4 7. Qxc4 d5 8. exd5 Nxd5 9. O-O Be7 10. Nc3 c6 11. Nxd5 Qxd5 12. Qxd5 cxd5 13. Re1 h6 14. Nf3 Be6 15. Nd4 Kd7 16. c3 Bf6 17. Be3 Rhd8 18. Rad1 a6 19. c4 dxc4 20. Nxe6+ Kxe6 21. Bb6+ Kf5 22. Bxd8 Rxd8 23. Rxd8 Bxd8 24. Rd1 Bf6 25. Rc1 b5 26. b3 c3 27. Kf1 b4 28. Ke2 Bg5 29. Rc2 Ke4 30. a3 a5 31. axb4 axb4 32. f3+ Kd4 33. Ra2 Bd2 34. Ra4 Kc5 35. Kd3 1-0


[Site "https://www.chess.com"]

[Event "Titled Tuesday Blitz August 08 Early 2023"]
[White "Kiseljova, Marya"]
[Black "Principe, Alexander"]
[WhiteFideId "4155009"]
[BlackFideId "3804542"]
[WhiteElo "2210"]
[BlackElo "2571"]
[Result "1/2-1/2"]
[Round "1"]
[TimeControl "180+1"]
[Date "2023.08.08"]
[WhiteClock "0:00:10"]
[BlackClock "0:00:59"]
[Board "223"]

1. d4 Nf6 2. c4 g6 3. Nc3 Bg7 4. e4 O-O 5. Be2 d6 6. Bg5 h6 7. Be3 c5 8. d5 e6 9. Qd2 exd5 10. exd5 Kh7 11. h3 Nbd7 12. Nf3 a6 13. a4 Qa5 14. O-O Re8 15. Rfe1 Nf8 16. Bf4 Qc7 17. Bd3 Bd7 18. Rxe8 Rxe8 19. Re1 Rxe1+ 20. Qxe1 Bc8 21. Nd2 Nh5 22. Bh2 f5 23. Qe8 Nf6 24. Qe2 Qd7 25. Nf3 Ne8 26. Bc2 Bf6 27. Bf4 Qe7 28. Qxe7+ Bxe7 29. Kf1 Nd7 30. g4 fxg4 31. hxg4 Kg7 32. Ke2 g5 33. Bg3 Ndf6 34. Bf5 Bxf5 35. gxf5 Kf7 36. Ke3 Ng7 37. Kd3 Nxf5 38. Bh2 g4 39. Nd2 h5 40. Nde4 Nh7 41. Ng3 Nxg3 42. Bxg3 h4 43. Bf4 Nf6 44. Ne4 Nh5 45. Bh2 Kg6 46. Ke3 Kf5 47. Nxd6+ Bxd6 48. Bxd6 h3 49. Bh2 Nf6 50. d6 Nd7 51. Kd3 b6 52. Ke3 Nf6 53. b3 a5 54. Kd3 Ke6 55. Ke3 Ne8 56. Kf4 Nxd6 57. Kxg4 Ne4 58. f3 Nd2 59. Bc7 Nxb3 60. Kxh3 Kd7 61. Bxb6 Kc6 62. Bd8 Nd2 63. Kg4 Nxc4 64. f4 Kd7 65. Bf6 Nb6 66. Bc3 Nxa4 67. Bxa5 Ke6 68. Be1 Nb2 69. f5+ Kf7 70. Bc3 Nd1 71. Ba1 Ne3+ 72. Kf4 Nc2 73. Bc3 Na3 74. Ke5 Nb5 75. Kd5 Nxc3+ 76. Kxc5 1/2-1/2


[Site "https://www.chess.com"]

[Event "Titled Tuesday Blitz August 08 Early 2023"]
[White "Mogirzan, Matei-Valeriu"]
[Black "Mishra, Manoj"]
[WhiteFideId "1257455"]
[BlackFideId "5006007"]
[WhiteElo "2571"]
[BlackElo "2209"]
[Result "0-1"]
[Round "1"]
[TimeControl "180+1"]
[Date "2023.08.08"]
[WhiteClock "0:01:34"]
[BlackClock "0:00:45"]
[Board "224"]

1. e4 Nf6 2. e5 Nd5 3. c4 Nb6 4. c5 Nd5 5. Nc3 e6 6. Nf3 b6 7. cxb6 axb6 8. d4 Bb7 9. Bd3 Be7 10. Qe2 O-O 11. h4 c5 12. Bxh7+ Kh8 13. Ng5 g6 14. Nce4 Nc6 15. h5 Nxd4 16. Qg4 Nc2+ 17. Kf1 f5 18. Qh4 fxe4 19. hxg6 Nce3+ 20. Kg1 Bxg5 21. Qh5 Nf4 0-1


[Site "https://www.chess.com"]

[Event "Titled Tuesday Blitz August 08 Early 2023"]
[White "Petersson, Kjell"]
[Black "Unat, Can Haktan"]
[WhiteFideId "1705148"]
[BlackFideId "6398073"]
[WhiteElo "2205"]
[BlackElo "2570"]
[Result "0-1"]
[Round "1"]
[TimeControl "180+1"]
[Date "2023.08.08"]
[WhiteClock "0:00:17"]
[BlackClock "0:00:32"]
[Board "225"]

1. d4 b6 2. Bf4 e6 3. e3 Bb7 4. Nf3 f5 5. Bd3 Nf6 6. c4 Be7 7. Nc3 O-O 8. Qc2 Na6 9. a3 c5 10. O-O-O Rc8 11. Kb1 Qe8 12. Rhg1 Qh5 13. g4 Nxg4 14. Ne5 Nxe5 15. Bxe5 Bf6 16. Bxf6 Rxf6 17. d5 Nc7 18. Be2 Qxh2 19. Bf3 Qe5 20. Rg3 b5 21. Rdg1 g6 22. e4 b4 23. axb4 cxb4 24. Nd1 exd5 25. exd5 Nxd5 26. Qb3 Nc3+ 27. bxc3 Bxf3 28. Ka1 Qa5+ 29. Kb1 Be4+ 30. Kb2 bxc3+ 31. Nxc3 Rb6 32. Nb5 a6 33. Ra1 Qd2+ 34. Ka3 Qa5+ 35. Kb2 Qd2+ 36. Ka3 axb5 37. c5+ d5 38. cxb6 Ra8+ 39. Qa4 Rxa4+ 40. Kb3 Qb4# 0-1


[Site "https://www.chess.com"]